 Dungeon Crawl Stone Soup version 0.31-a0-102-g33a4ccc0cb (webtiles) character file.

Game seed: 9640842874200880383

124884 Drazool the Severer (level 16, -3/134 HPs)
             Began as a Minotaur Fighter on May 26, 2023.
             Was the Champion of Wu Jian.
             Slain by a ghost moth (7 damage)
             ... on level 2 of the Spider Nest.
             The game lasted 01:20:23 (24346 turns).

Drazool the Severer (Minotaur Fighter)             Turns: 24346, Time: 01:20:23

Health: -3/134     AC: 18    Str: 28 (31) XL:     16   Next: 40%
Magic:  0/24       EV: 10    Int: -9 (1)  God:    Wu Jian [******]
Gold:   712        SH:  9    Dex:  6 (11) Spells: 27/27 levels left

rFire   . . .        b - +6 shillelagh "Devastator" {shatter}
rCold   + + +        C - +2 buckler of Slovenliness {+Inv rPois Str+3}
rNeg    . . .        M - +0 plate armour "Lewiolal" {Fly rC+++ rCorr Int-4}
rPois   +            e - +2 hat
rElec   .            (no cloak)
rCorr   +            j - +2 pair of gloves
SInv    .            r - +2 pair of boots
Will    +....        F - amulet of guardian spirit Stlth
                     T - +4 ring of protection
HPRegen 0.42/turn    P - ring of poison resistance
MPRegen 0.19/turn

%: guardian spirit
@: corroded, flying, slowed, lost intelligence, unable to read, very slow
A: horns 2, retaliatory headbutt
a: Renounce Religion, Evoke Invisibility, Wall Jump, Serpent's Lash, Heavenly
Storm


You were on level 2 of the Spider Nest.
You worshipped Wu Jian.
Wu Jian was exalted by your worship.
You visited 6 branches of the dungeon, and saw 26 of its levels.
You also visited: Volcano.

You collected 2857 gold pieces.
You spent 2145 gold pieces at shops.


Innate Abilities, Weirdness & Mutations

You have a pair of horns on your head.
You reflexively headbutt those who attack you in melee.


   Skills:
 - Level 10.0 Fighting
 - Level 16.0(17.2) Axes
 + Level 11.0(14.8) Maces & Flails
 - Level 5.0 Throwing
 - Level 15.0 Armour
 - Level 10.0 Dodging
 - Level 5.0 Stealth
 - Level 15.0 Shields
 - Level 6.3 Spellcasting
 - Level 8.9 Evocations


You had 27 spell levels left.
You didn't know any spells.
Your spell library contained the following spells:

 Spells                   Type           Power      Damage    Failure   Level
 Apportation              Tloc           0%         N/A       95%         1
 Freeze                   Ice            0%         1d3       95%         1
 Magic Dart               Conj           0%         1d3       95%         1
 Sting                    Tmut/Pois      0%         1d3       98%         1
 Call Imp                 Summ           0%         N/A       98%         2
 Cigotuvi's Dreadful Rot  Necr/Pois/Air  0%         N/A       99%         2
 Ensorcelled Hibernation  Hex/Ice        0%         N/A       99%         2
 Poisonous Vapours        Pois/Air       0%         N/A       99%         2
 Frozen Ramparts          Ice            0%         1d1       100%        3
 Hailstorm                Conj/Ice       0%         3d3       100%        3
 Inner Flame              Hex/Fire       0%         N/A       100%        3
 Mephitic Cloud           Conj/Pois/Air  0%         N/A       100%        3
 Spider Form              Tmut/Pois      0%         N/A       100%        3
 Summon Guardian Golem    Hex/Summ       0%         N/A       100%        3
 Tukima's Dance           Hex            0%         N/A       100%        3
 Volatile Blastmotes      Fire/Tloc      0%         2d10      100%        3
 Anguish                  Hex/Necr       0%         N/A       100%        4
 Cause Fear               Hex            0%         N/A       100%        4
 Flame Wave               Conj/Fire      0%         2d4       100%        4
 Fulminant Prism          Conj/Hex       0%         3d5       100%        4
 Iskenderun's Mystic Bla  Conj/Tloc      0%         2d3       100%        4
 Leda's Liquefaction      Hex/Erth       0%         N/A       100%        4
 Olgreb's Toxic Radiance  Pois           0%         N/A       100%        4
 Passage of Golubria      Tloc           0%         N/A       100%        4
 Sticky Flame             Conj/Fire      0%         2d3       100%        4
 Alistair's Intoxication  Tmut/Pois      0%         N/A       100%        5
 Lee's Rapid Deconstruct  Erth           0%         3d4*      100%        5
 Yara's Violent Unravell  Hex/Tmut       0%         3d3       100%        5
 Leda's Unmaking          Conj/Erth      0%         9d1       100%        6
 Simulacrum               Ice/Necr       0%         N/A       100%        6
 Statue Form              Tmut/Erth      0%         N/A       100%        6
 Enfeeble                 Hex            0%         N/A       100%        7
 Malign Gateway           Summ/Tloc      0%         N/A       100%        7
 Ozocubu's Refrigeration  Ice            0%         4d7       100%        7
 Summon Horrible Things   Summ           0%         N/A       100%        8
 Polar Vortex             Ice            0%         N/A       100%        9

Inventory:

Hand Weapons
 a - a +3 eveningstar of flaming
 b - the +6 shillelagh "Devastator" (weapon) {shatter}
   (You found it on level 7 of the Dungeon)
 t - the +7 great mace "Firestarter" {flame, immolate, rFlCloud rF++}
   (You took it off an orc warrior on level 1 of the Orcish Mines)

   rFlCloud:  It grants immunity to clouds of flame.
   rF:        It greatly protects you from fire.
 B - a +1 war axe of flaming
Missiles
 y - 13 javelins (quivered)
 K - 4 throwing nets {=f}
Armour
 e - a +2 hat (worn)
 j - a +2 pair of gloves (worn)
 r - a +2 pair of boots (worn)
 C - the +2 buckler of Slovenliness (worn) {+Inv rPois Str+3}
   (You found it on level 9 of the Dungeon)

   Str:       It affects your strength (+3).
   rPois:     It protects you from poison.
   +Inv:      It lets you turn invisible.
 M - the +0 plate armour "Lewiolal" (worn) {Fly rC+++ rCorr Int-4}
   (You bought it in a shop on level 2 of the Orcish Mines)

   Int:       It affects your intelligence (-4).
   rC:        It renders you almost immune to cold.
   Fly:       It grants you flight.
   rCorr:     It protects you from acid and corrosion.
Jewellery
 f - a ring of protection from fire
 D - a +6 ring of dexterity
 E - a +5 ring of evasion
 F - an amulet of guardian spirit (around neck)
 P - a ring of poison resistance (right hand)
 T - a +4 ring of protection (left hand)
 W - a ring of willpower
 Z - a +4 ring of protection
Wands
 m - a wand of quicksilver (20)
 o - a wand of paralysis (21)
 w - a wand of iceblast (17)
 J - a wand of digging (15)
 O - a wand of flame (28)
 X - a wand of polymorph (6)
Scrolls
 c - 2 scrolls of silence {!r}
 d - 2 scrolls of magic mapping
 h - 2 scrolls of brand weapon
 n - 3 scrolls of poison
 p - 6 scrolls of teleportation {@r2}
 q - a scroll of summoning
 s - 2 scrolls of blinking
 x - a scroll of vulnerability
 A - 2 scrolls of amnesia
 S - 3 scrolls of fog
 Y - 3 scrolls of fear
Potions
 g - 8 potions of attraction
 i - 5 potions of haste {@q3}
 k - 10 potions of curing {@q1}
 l - 3 potions of resistance
 u - 4 potions of enlightenment
 z - 4 potions of might
 G - 3 potions of magic
 H - a potion of lignification {unknown}
 N - 2 potions of degeneration {unknown}
 Q - 7 potions of mutation
 R - a potion of berserk rage {!q}
 V - 2 potions of invisibility
Miscellaneous
 U - a tin of tremorstones (2/2)

Dungeon Overview and Level Annotations

Branches:
Dungeon (12/15)            Temple (1/1) D:5            Lair (5/5) D:11
  Swamp (3/4) Lair:3       Spider (3/4) Lair:2        Slime (0/5) Lair:5
    Orc (2/2) D:12            Elf (0/3) Orc:2       Volcano (visited)

Altars:
Ashenzari
Cheibriados
Dithmenos
Elyvilon
Fedhas
Gozag
Hepliaklqana
Kikubaaqudgha
Makhleb
Nemelex Xobeh
Okawaru
Qazlal
Ru
Sif Muna
Trog
Uskayaw
Vehumet
Wu Jian
Xom
Yredelemnul
Zin
The Shining One
Jiyva
Lugonu

Shops:
D:8 *   D:9 [   D:11 !   D:12 [   Orc:1 *   Orc:2 *:*!?

Portals:
Abyss: Lair:3

Annotations:
Lair:2 2 runed translucent doors, Pokonic1's ghost, journeyman GrMo
Lair:5 1 runed translucent door
Swamp:2 2 runed translucent doors, voltaire321's ghost, adept DEEE

### #.## ###### #..# #....#
#..### ###..^# #....# ###.#.@.#
.....## #....^.## .##...##
##.#..##.## .#..#..###......>†.##
.#..##.##......^#..^#
.#..######..#####..## ####
##....#..#^...#...## ##..#######
.......^####..##...###..###.#.^##
....#......#..^##.##.##.........#


There were no monsters in sight!


Message History

You feel dopey.
You feel you are being watched by something.
You feel your power leaking away. Something hits you!
* * * LOW HITPOINT WARNING * * *
You feel dopey. Something hits you but does no damage. Something stings you!
* * * LOW HITPOINT WARNING * * *
You closely miss something.
You feel you are being watched by something.
You feel your power leaking away. Something hits you.
* * * LOW HITPOINT WARNING * * *
You feel weakened. Something hits you but does no damage.
Something stings you but does no damage.
You are too confused!
You feel less invigorated.
You feel less confused. Something hits you but does no damage.
You block something's attack.
Something stings you but does no damage.
Something hits you.
* * * LOW HITPOINT WARNING * * *
Something hits you!
* * * LOW HITPOINT WARNING * * *
You feel clumsy.
Something stings you but does no damage.
You closely miss something. Something hits you but does no damage.
Something hits you!
You die...

Skill      XL: |  1  2  3  4  5  6  7  8  9 10 11 12 13 14 15 16 |
---------------+-------------------------------------------------+-----
Axes           | 3 4 5 7 8 9 11 14 16 | 16.0
Fighting       | 7 9 10 | 10.0
Armour         | 4 8 10 14 15 | 15.0
Maces & Flails | 7 9 11 | 11.0
Dodging        | 8 10 | 10.0
Shields        | 10 14 15 | 15.0
Throwing       | 5 |  5.0
Stealth        | 5 |  5.0
Evocations     | 5 8 |  8.9
Spellcasting   | 4 6 |  6.3

Action                     |  1- 3 |  4- 6 |  7- 9 | 10-12 | 13-15 | 16-18 || total
---------------------------+-------+-------+-------+-------+-------+-------++-------
  Melee: War axe           |    55 |    94 |   166 |    18 |    17 |       ||   350
         Headbutt          |     7 |    11 |    29 |    44 |   204 |    43 ||   338
         Shillelagh        |       |       |       |   298 |   899 |   212 ||  1409
         Great mace        |       |       |       |       |     4 |       ||     4
 Invoke: Heavenly Storm    |       |       |       |       |     3 |       ||     3
Ability: Lunge             |       |       |    15 |    60 |   155 |    15 ||   245
         Whirlwind         |       |       |       |     5 |    65 |     8 ||    78
         Wall Jump         |       |       |       |       |     1 |       ||     1
  Evoke: Wand              |       |       |     6 |     3 |       |       ||     9
    Use: Scroll            |       |       |    10 |     5 |    13 |     6 ||    34
         Potion            |       |       |     2 |       |     5 |     7 ||    14
   Stab: Paralysed         |       |       |     4 |     3 |       |       ||     7
         Invisible         |       |       |       |       |     1 |       ||     1
 Armour: Scale mail        |    21 |    30 |    60 |    12 |       |       ||   123
         Chain mail        |       |       |       |   105 |   173 |       ||   278
         Plate armour      |       |       |       |       |   135 |   185 ||   320
  Dodge: Dodged            |    33 |    39 |    60 |    85 |   224 |    63 ||   504
  Block: Buckler           |    11 |    19 |    27 |    50 |   207 |    97 ||   411

Levels and vault maps discovered:
D:1:      elethiomel_arrival_infinity_welcomes_careful_drivers, layout_basic,
          minmay_misc_feat_nine_boxes, st_stairs_4
D:2:      layout_loops_cross, nicolae_the_louvre, uniq_natasha
D:3:      layout_rooms, ebering_ecumenical_altar_ruins, kennysheep_nondescript
D:4:      layout_loops_ring, nicolae_wu_jian_wuxing_cycle, grunt_ministairs_6
D:5:      layout_rooms, kennysheep_mini_moat, zin_scriptorium,
          minmay_temple_entry_hall, uniq_eustachio
D:6:      layout_cave_pods, mainiacjoe_overflow_24_doors, grunt_potential
D:7:      layout_rooms, grunt_temple_overflow_open, serial_glass,
          glass_columns_b, glass_columns_b, grunt_decor_arrowhead,
          dilly_guarded_unrand_devastator
D:8:      layout_loops_ring, amcnicky_altar_gilded, serial_shops,
          nicolae_shop_statue_plus
D:9:      layout_gridville, serial_shops, shop, uniq_harold
D:10:     layout_basic, hangedman_abyss_or_decor_stabs
D:11:     dreamdust_cave_troll, layout_grid_maze, due_lair_maze_entry_diamond,
          serial_shops, kennysheep_little_box, kennysheep_generic_room_9,
          uniq_sonja
D:12:     layout_basic, hiddenorc2_lemuel, serial_shops,
          nicolae_shop_statue_plus, minivault_12
Temple:   minmay_temple_bridge_abc
Lair:1:   layout_hall_layers
Lair:2:   layout_long_grid, hellmonk_spider_entry_life_and_decay,
          ebering_ghost_disaster_area, basic_altar, fungi_pond_lemuel
Lair:3:   layout_chaotic_city, nicolae_swamp_entry_splash_gauntlet,
          chequers_serial_rivers_marsh, amcnicky_altar_lugonu_corruption
Lair:4:   layout_roguey, grunt_megastairs_2
Lair:5:   gammafunk_lair_ancient_temple, layout_big_grid, slime_entry_2,
          enter_volcano_1, grunt_megastairs_1
Swamp:1:  layout_falls_marsh, nicolae_swamp_round_clearing, swamp_pool1,
          infiniplex_staircase_pool
Swamp:2:  layout_falls_marsh, ebering_ghost_disaster_area,
          evilmike_swamp_ruin_house_4, hangedman_swamp_diagram
Swamp:3:  layout_basic_swamp, evilmike_swamp_ruin_rubble_2
Spider:1: layout_spider_delve
Spider:2: layout_spider_delve, guppyfry_hornet_nest
Spider:3: layout_spider_delve, nicolae_spider_undead_wolf_pack, uniq_arachne
Orc:1:    giant_chief_lemuel, layout_caves, nicolae_shop_gadgets
Orc:2:    st_orc_town, layout_caves, serial_shops,
          nicolae_shop_pleasant_corner_grove, basic_altar,
          kennysheep_orc_chapel, uniq_jorgrun

Notes
Turn   | Place    | Note
-------+----------+-------------------------------------------
     0 | D:1      | Drazool the Minotaur Fighter began the quest for the Orb.
     0 | D:1      | Reached XP level 1. HP: 19/19 MP: 0/0
   175 | D:1      | Reached skill level 3 in Axes
   277 | D:1      | Reached XP level 2. HP: 26/26 MP: 1/1
   401 | D:1      | Reached skill level 4 in Axes
   934 | D:2      | Reached XP level 3. HP: 31/31 MP: 2/2
   940 | D:2      | Noticed Natasha
   953 | D:2      | Killed Natasha
   962 | D:2      | Reached skill level 5 in Axes
   984 | D:2      | Noticed Natasha
   992 | D:2      | Killed Natasha
   993 | D:2      | Reached XP level 4. HP: 37/39 MP: 3/3
  1354 | D:2      | Noticed Natasha
  1367 | D:2      | Killed Natasha
  1547 | D:3      | Reached skill level 6 in Axes
  1722 | D:3      | Found a faded altar of an unknown god.
  2167 | D:4      | Noticed a black bear
  2173 | D:4      | Killed a black bear
  2174 | D:4      | Reached skill level 7 in Axes
  2174 | D:4      | Reached XP level 5. HP: 33/45 MP: 4/4
  2547 | D:4      | Found an ornate altar of the Wu Jian Council.
  2547 | D:4      | Noticed a sky beast
  2569 | D:4      | Killed a sky beast
  2570 | D:4      | Reached skill level 8 in Axes
  2570 | D:4      | Reached XP level 6. HP: 35/51 MP: 5/5
  2907 | D:5      | Entered Level 5 of the Dungeon
  2911 | D:5      | Noticed Eustachio
  2927 | D:5      | Killed Eustachio
  2928 | D:5      | Reached skill level 9 in Axes
  2963 | D:5      | Noticed a water moccasin
  2976 | D:5      | Reached XP level 7. HP: 57/57 MP: 6/6
  3185 | D:5      | Reached skill level 10 in Axes
  3255 | D:5      | HP: 5/57 [ice beast (10)]
  3466 | D:5      | Reached skill level 11 in Axes
  3515 | D:5      | Found a blossoming altar of Fedhas.
  3519 | D:5      | Reached XP level 8. HP: 64/64 MP: 7/7
  3522 | D:5      | Found a staircase to the Ecumenical Temple.
  3545 | Temple   | Entered the Ecumenical Temple
  3795 | D:4      | Became a worshipper of the Wu Jian Council
  4025 | D:5      | Found a glowing silver altar of Zin.
  4074 | D:5      | Reached skill level 12 in Axes
  4386 | D:6      | Noticed a boulder beetle
  4424 | D:6      | Reached skill level 13 in Axes
  4429 | D:6      | Killed a boulder beetle
  4430 | D:6      | Reached skill level 14 in Axes
  4430 | D:6      | Reached XP level 9. HP: 43/70 MP: 8/8
  4661 | D:6      | Found a snail-covered altar of Cheibriados.
  5264 | D:7      | Found a burning altar of Makhleb.
  5264 | D:7      | Found a hide-covered altar of Uskayaw.
  5267 | D:7      | Found an iron altar of Okawaru.
  5275 | D:7      | Found an opulent altar of Gozag.
  5275 | D:7      | Found a radiant altar of Vehumet.
  5414 | D:7      | Reached skill level 15 in Axes
  5417 | D:7      | Noticed a two-headed ogre
  5418 | D:7      | Noticed a gargoyle
  5425 | D:7      | Reached * piety under Wu Jian
  5428 | D:7      | Killed a two-headed ogre
  5429 | D:7      | Reached skill level 16 in Axes
  5429 | D:7      | Reached skill level 4 in Fighting
  5438 | D:7      | Killed a gargoyle
  5439 | D:7      | Reached skill level 5 in Fighting
  5448 | D:7      | Noticed a two-headed ogre
  5603 | D:7      | Noticed a two-headed ogre
  5613 | D:7      | Killed a two-headed ogre
  5614 | D:7      | Reached skill level 7 in Fighting
  5614 | D:7      | Reached skill level 4 in Armour
  5614 | D:7      | Reached XP level 10. HP: 81/86 MP: 9/9
  5629 | D:7      | You fall into a shaft and drop 1 floor!
  5629 | D:8      | Found a shadowy altar of Dithmenos.
  5696 | D:7      | Found the +6 shillelagh "Devastator" {shatter}
  5801 | D:7      | Reached skill level 1 in Maces & Flails
  5868 | D:7      | Reached skill level 5 in Armour
  5998 | D:7      | Killed a two-headed ogre
  5999 | D:7      | Reached skill level 3 in Maces & Flails
  6070 | D:8      | Found Naor's General Store.
  6078 | D:8      | Bought a potion of curing for 39 gold pieces
  6078 | D:8      | Bought a potion of attraction for 39 gold pieces
  6255 | D:8      | Reached skill level 6 in Armour
  6693 | D:9      | Reached skill level 4 in Maces & Flails
  6734 | D:9      | Noticed Harold
  6744 | D:9      | Killed Harold
  6745 | D:9      | Reached skill level 5 in Maces & Flails
  6745 | D:9      | Reached skill level 7 in Armour
  6845 | D:9      | Reached skill level 6 in Maces & Flails
  7003 | D:9      | Identified the +3 chain mail "Dyxig" {rN+ Str+4}
  7177 | D:9      | Found Boariamo's Armour Shop.
  7247 | D:9      | Reached skill level 8 in Armour
  7293 | D:9      | Reached ** piety under Wu Jian
  7298 | D:9      | Reached skill level 7 in Maces & Flails
  7321 | D:9      | Reached XP level 11. HP: 84/92 MP: 10/10
  7409 | D:9      | Identified the +0 ring mail of Supple Strength {-Tele
                  | *Corrode rN++ Int+9}
  7417 | D:9      | Identified the +2 buckler of Slovenliness {+Inv rPois
                  | Str+3}
  7446 | D:9      | Noticed a two-headed ogre
  7451 | D:9      | Killed a two-headed ogre
  7452 | D:9      | Reached skill level 9 in Armour
  7641 | D:10     | Entered Level 10 of the Dungeon
  7738 | D:10     | Reached skill level 8 in Maces & Flails
  7884 | D:10     | Noticed a two-headed ogre
  7892 | D:10     | Killed a two-headed ogre
  8061 | D:10     | Reached skill level 10 in Armour
  8061 | D:10     | Noticed a two-headed ogre
  8068 | D:10     | Killed a two-headed ogre
  8069 | D:10     | Reached skill level 9 in Maces & Flails
  8196 | D:10     | Reached skill level 1 in Dodging
  8512 | D:10     | Reached skill level 2 in Dodging
  8736 | D:11     | Reached skill level 3 in Dodging
  8747 | D:11     | Noticed a two-headed ogre
  8754 | D:11     | Killed a two-headed ogre
  8755 | D:11     | Reached skill level 4 in Dodging
  8812 | D:11     | Found a staircase to the Lair.
  8822 | D:11     | Reached skill level 5 in Dodging
  8835 | D:11     | Reached *** piety under Wu Jian
  8860 | D:11     | Reached skill level 6 in Dodging
  8911 | D:11     | Identified the +5 ring mail of Foig {rCorr}
  8948 | D:11     | Noticed a two-headed ogre
  8955 | D:11     | Killed a two-headed ogre
  8956 | D:11     | Reached skill level 7 in Dodging
  9165 | D:11     | Found Roqas's Distillery.
  9170 | D:11     | Bought a potion of mutation for 136 gold pieces
  9170 | D:11     | Bought a potion of heal wounds for 85 gold pieces
  9170 | D:11     | Bought a potion of magic for 136 gold pieces
  9170 | D:11     | Bought a potion of invisibility for 136 gold pieces
  9384 | D:11     | Noticed Sonja
  9389 | D:11     | Killed Sonja
  9390 | D:11     | Reached skill level 8 in Dodging
  9596 | Lair:1   | Entered Level 1 of the Lair of Beasts
  9596 | Lair:1   | Noticed an eight-headed hydra
  9605 | Lair:1   | Killed a four-headed hydra
  9606 | Lair:1   | Reached XP level 12. HP: 95/100 MP: 11/11
  9911 | Lair:1   | Reached skill level 9 in Dodging
 10273 | Lair:1   | Reached skill level 10 in Dodging
 10273 | Lair:1   | Reached skill level 4 in Shields
 10364 | Lair:1   | Reached skill level 5 in Shields
 10366 | Lair:1   | Reached skill level 6 in Shields
 10521 | Lair:2   | Found a large runed translucent door.
 10521 | Lair:2   | Found a large runed translucent door.
 10525 | Lair:2   | Noticed Pokonic1's ghost (journeyman GrMo)
 10626 | Lair:2   | Found a hole to the Spider Nest.
 10634 | Lair:2   | Reached skill level 7 in Shields
 10809 | Lair:2   | Noticed a six-headed hydra
 10817 | Lair:2   | Killed a three-headed hydra
 10818 | Lair:2   | Reached skill level 8 in Shields
 10929 | Lair:2   | Found a shimmering altar of Xom.
 11221 | Lair:3   | Found a corrupted altar of Lugonu.
 11437 | Lair:3   | Found a one-way gate to the infinite horrors of the Abyss.
 11620 | Lair:3   | Noticed a six-headed hydra
 11627 | Lair:3   | Reached skill level 9 in Shields
 11634 | Lair:3   | Reached **** piety under Wu Jian
 11637 | Lair:3   | Killed a two-headed hydra
 11642 | Lair:3   | Reached skill level 10 in Shields
 11768 | Lair:3   | Reached skill level 8 in Fighting
 11874 | Lair:3   | Found a staircase to the Swamp.
 11877 | Lair:3   | Reached skill level 9 in Fighting
 12009 | Lair:3   | Reached XP level 13. HP: 103/111 MP: 12/12
 12161 | Lair:3   | Reached skill level 10 in Fighting
 12455 | Lair:4   | Reached skill level 1 in Throwing
 12455 | Lair:4   | Reached skill level 1 in Stealth
 12455 | Lair:4   | Reached skill level 1 in Evocations
 12553 | Lair:4   | Reached skill level 2 in Throwing
 12645 | Lair:4   | Reached skill level 2 in Stealth
 12645 | Lair:4   | Reached skill level 2 in Evocations
 12661 | Lair:4   | Reached skill level 3 in Throwing
 12720 | Lair:4   | Reached skill level 3 in Stealth
 12720 | Lair:4   | Reached skill level 3 in Evocations
 12783 | Lair:4   | Reached skill level 4 in Throwing
 13022 | Lair:5   | Entered Level 5 of the Lair of Beasts
 13047 | Lair:5   | Reached ***** piety under Wu Jian
 13051 | Lair:5   | Reached skill level 4 in Stealth
 13053 | Lair:5   | Reached skill level 4 in Evocations
 13126 | Lair:5   | Reached skill level 5 in Throwing
 13172 | Lair:5   | Found a dark tunnel.
 13233 | Volcano  | Entered a volcano
 13258 | Volcano  | Reached skill level 5 in Stealth
 13347 | Volcano  | Noticed a stone giant
 13383 | Volcano  | Reached skill level 5 in Evocations
 13492 | Volcano  | Killed a stone giant
 13600 | Lair:5   | Identified the +8 trident "Muschi Apiupu" {speed, rElec
                  | Will++ MP+9 Dex-4}
 13789 | Lair:5   | Reached XP level 14. HP: 100/121 MP: 13/13
 13912 | Lair:5   | Reached skill level 11 in Armour
 13912 | Lair:5   | Reached skill level 11 in Shields
 14343 | Lair:5   | Found a runed translucent door.
 14344 | Lair:5   | Found a viscous altar of Jiyva.
 14344 | Lair:5   | Noticed an azure jelly
 14345 | Lair:5   | Noticed an azure jelly
 14346 | Lair:5   | Found a staircase to the Slime Pits.
 14346 | Lair:5   | Noticed an azure jelly
 14346 | Lair:5   | Noticed an azure jelly
 14581 | D:12     | Found Saturer's Antique Armour Emporium.
 14632 | D:12     | Found a staircase to the Orcish Mines.
 14706 | Orc:1    | Entered Level 1 of the Orcish Mines
 14810 | Orc:1    | Found Podumid's Gadget Gallery.
 14823 | Orc:1    | Noticed an orc warlord
 14828 | Orc:1    | Reached skill level 12 in Armour
 14830 | Orc:1    | Reached skill level 12 in Shields
 14839 | Orc:1    | Killed an orc warlord
 15235 | Orc:1    | Identified the +2 great sword "Nutzer" {freeze, Dex+2}
 15699 | Orc:1    | Identified the +1 battleaxe "Xyisyt" {freeze, rC+}
 15699 | Orc:1    | Identified the +4 shortbow "Risilo Myph" {flame, Dex+2}
 15753 | Orc:1    | Reached skill level 13 in Armour
 15753 | Orc:1    | Reached skill level 13 in Shields
 15760 | Orc:1    | Noticed a frost giant
 15930 | Orc:1    | Killed a frost giant
 16518 | Orc:1    | Identified the +2 hand axe "Kiulloz" {holy, rPois Int-2
                  | Dex+7}
 16521 | Orc:1    | Identified the +4 hand axe of Instinct {flame, rF+ Str+2}
 16543 | Orc:1    | Identified the staff of poison "Puxorif" {rPois rC+ Str-5
                  | Dex+2}
 16641 | Orc:2    | Entered Level 2 of the Orcish Mines
 16883 | Orc:2    | Found Hulaomoe's General Store.
 16883 | Orc:2    | Found Qaykozewn's Book Boutique.
 16959 | Orc:2    | Bought a scroll of identify for 32 gold pieces
 17044 | Orc:2    | Noticed Jorgrun
 17087 | Orc:2    | Reached ****** piety under Wu Jian
 17095 | Orc:2    | Killed Jorgrun
 17096 | Orc:2    | Reached skill level 14 in Armour
 17096 | Orc:2    | Reached skill level 14 in Shields
 17241 | Orc:2    | Found a staircase to the Elven Halls.
 17478 | Orc:2    | Found Forioh's Magic Scroll Shoppe.
 17482 | Orc:2    | Bought a scroll of identify for 24 gold pieces
 17691 | Orc:2    | Found Daloqatt's Distillery.
 17691 | Orc:2    | Found Pebbi Oryu's Assorted Antiques.
 17697 | Orc:2    | Reached XP level 15. HP: 119/126 MP: 14/14
 17728 | Orc:2    | Bought a bloodstained plate armour for 952 gold pieces
 17728 | Orc:2    | Identified the +0 plate armour "Lewiolal" {Fly rC+++ rCorr
                  | Int-4} (You bought it in a shop on level 2 of the Orcish
                  | Mines)
 17731 | Orc:2    | Bought a bloodstained ring mail for 306 gold pieces
 17731 | Orc:2    | Identified the +0 ring mail "Raruociq" {rPois rC+} (You
                  | bought it in a shop on level 2 of the Orcish Mines)
 17731 | Orc:2    | Bought a potion of heal wounds for 170 gold pieces
 17981 | Spider:1 | Entered Level 1 of the Spider Nest
 18163 | Swamp:1  | Entered Level 1 of the Swamp
 18821 | Swamp:1  | Reached skill level 15 in Armour
 18821 | Swamp:1  | Reached skill level 15 in Shields
 18923 | Swamp:1  | You are sucked into a shaft and drop 1 floor!
 18937 | Swamp:2  | Reached skill level 6 in Evocations
 18998 | Swamp:2  | Reached skill level 7 in Evocations
 19012 | Swamp:2  | Found a large runed translucent door.
 19012 | Swamp:2  | Noticed a fenstrider witch
 19013 | Swamp:2  | Found a large runed translucent door.
 19014 | Swamp:2  | Killed a fenstrider witch
 19015 | Swamp:2  | Noticed voltaire321's ghost (adept DEEE)
 19190 | Swamp:1  | Identified the +4 halberd of Quick Death {heavy, rPois rN+
                  | Will-}
 19600 | Swamp:2  | Reached skill level 8 in Evocations
 19923 | Swamp:2  | Noticed a fenstrider witch
 19926 | Swamp:2  | Paralysed by a fenstrider witch for 3 turns
 20316 | Swamp:2  | Paralysed by a fenstrider witch for 5 turns
 20322 | Swamp:2  | Killed a fenstrider witch
 20947 | Swamp:3  | Noticed a fenstrider witch
 21120 | Spider:1 | Noticed an emperor scorpion
 21132 | Spider:1 | Killed an emperor scorpion
 21291 | Spider:1 | Reached skill level 1 in Spellcasting
 21346 | Spider:1 | Reached skill level 2 in Spellcasting
 21565 | Spider:1 | Reached skill level 3 in Spellcasting
 21585 | Spider:1 | Got Ufih's Parchment of the Rancid Evil Eye
 22158 | Spider:2 | Reached skill level 4 in Spellcasting
 22166 | Spider:2 | Reached XP level 16. HP: 109/134 MP: 6/21
 22307 | Spider:2 | Reached skill level 5 in Spellcasting
 22780 | Spider:2 | Reached skill level 6 in Spellcasting
 23323 | Spider:2 | Identified 3 potions of resistance
 23625 | Orc:2    | Bought a scroll of enchant weapon for 90 gold pieces
 24126 | Spider:3 | Reached skill level 10 in Maces & Flails
 24281 | Spider:3 | Reached skill level 11 in Maces & Flails
 24307 | Spider:3 | Lost intelligence.
 24338 | Spider:2 | HP: 11/134 [something (10)]
 24338 | Spider:2 | HP: 2/134 [something (9)]
 24343 | Spider:2 | HP: 11/134 [something (6)]
 24343 | Spider:2 | HP: 5/134 [something (6)]
 24346 | Spider:2 | Slain by a ghost moth

Vanquished Creatures
  Jorgrun (Orc:2)
  2 fenstrider witches (Swamp:2)
  A frost giant (Orc:1)
  4 emperor scorpions
  A ghost moth (Spider:2)
  An orc warlord (Orc:1)
  A stone giant (Volcano)
  2 eleionomae
  A spark wasp (Spider:2)
  3 bunyips (Swamp:2)
  3 entropy weavers
  A shambling mangrove (Swamp:2)
  An ettin (Orc:1)
  10 hydras
  A merfolk avatar (Lair:5)
  Harold (D:9)
  3 boulder beetles
  A catoblepas (Lair:4)
  A radroach (Spider:2)
  An ogre mage (Orc:1)
  9 two-headed ogres
  3 alligators
  3 death yaks (Lair:5)
  7 orc high priests (Orc:2)
  Sonja (D:11)
  2 spriggans
  5 skysharks
  A pharaoh ant (Spider:3)
  5 goliath frogs
  3 orb spiders
  2 bog bodies (Lair:3)
  4 spriggan druids
  A swamp dragon (Swamp:1)
  4 steelbarb worms
  A deep elf pyromancer (D:12)
  3 orc sorcerers
  2 will-o-the-wisps (Swamp:2)
  2 manticores
  An oklob plant (Lair:3)
  13 wolf spiders
  12 cyclopes (Orc:1)
  2 moths of wrath
  15 elephants
  4 demonic crawlers
  4 torpor snails
  3 black mambas
  5 gargoyles
  8 cane toads
  An efreet (Volcano)
  3 rime drakes
  10 komodo dragons
  3 polar bears
  6 trolls
  9 hornets
  4 tyrant leeches
  5 blink frogs (Lair:5)
  11 tarantellas
  6 dream sheep (Lair:3)
  2 snapping turtles (Lair:5)
  19 jumping spiders
  27 yaks
  2 shadows
  A wraith (D:11)
  8 wyverns
  16 culicivoras
  3 basilisks
  A fire elemental (Volcano)
  Eustachio (D:5)
  6 vampire mosquitoes (Swamp:1)
  A steam dragon (Lair:5)
  45 redbacks
  11 wargs
  4 swamp worms
  18 water moccasins
  25 orc warriors
  A sky beast (D:4)
  3 swamp drakes
  3 ice beasts
  4 black bears
  9 ogres
  10 wolves
  6 centaurs
  A phantom (D:6)
  An earth elemental (Volcano)
  24 bullfrogs
  3 gnoll sergeants
  3 scorpions
  10 killer bees
  3 electric eels
  3 howler monkeys
  3 hounds
  3 jellies
  A gnoll bouda (D:6)
  38 orc priests
  2 sleepcaps (D:6)
  Natasha (thrice) (D:2)
  4 iguanas
  18 orc wizards
  21 gnolls
  2 adders (D:5)
  2 white imps
  A worm (D:3)
  2 dart slugs
  104 orcs
  12 ball pythons
  4 endoplasms
  2 giant cockroaches
  10 goblins
  6 hobgoblins
  3 quokkas
  A frilled lizard (D:1)
  6 kobolds
  A rat (D:1)
  2 lurking horrors (Lair:3)
748 creatures vanquished.

Vanquished Creatures (others)
  4 foxfires (Swamp:2)
4 creatures vanquished.

Grand Total: 752 creatures vanquished

Table legend: (Time is in decaauts)
 A = Elapsed time spent in this place.
 B = Non-inter-level travel time spent in this place.
 C = Inter-level travel time spent in this place.
 D = Time resting spent in this place.
 E = Time spent auto-exploring this place.
 F = Levels seen in this place.
 G = Mean time per level.
                   A        B        C        D        E       F      G
               +--------+--------+--------+--------+--------+-----+--------+
         Total |  24082 |  21603 |   2479 |   3043 |  14747 |  27 |  891.9 |
       Dungeon |   9819 |   9098 |    721 |    780 |   6916 |  12 |  818.2 |
        Temple |    194 |    171 |     23 |      0 |    167 |   1 |  194.0 |
          Lair |   5154 |   4404 |    750 |    558 |   3066 |   5 | 1030.8 |
         Swamp |   2386 |   2257 |    129 |    725 |   1266 |   3 |  795.3 |
   Spider Nest |   2946 |   2502 |    444 |    604 |   1285 |   3 |  982.0 |
  Orcish Mines |   3264 |   2853 |    411 |    335 |   1868 |   2 | 1632.0 |
       Volcano |    317 |    317 |      0 |     40 |    179 |   1 |  317.0 |
               +--------+--------+--------+--------+--------+-----+--------+

Top non-repeatable levels by time:
   Orc:1: 2035 daAuts
Spider:1: 1684 daAuts
 Swamp:1: 1325 daAuts
     D:4: 1300 daAuts
     D:6: 1248 daAuts
   Orc:2: 1228 daAuts
  Lair:2: 1228 daAuts
  Lair:3: 1167 daAuts
  Lair:5: 1145 daAuts
Spider:2: 1069 daAuts
 Swamp:2: 1058 daAuts
     D:9: 1052 daAuts
  Lair:1: 1034 daAuts
    D:11: 1032 daAuts
    D:10: 973 daAuts

Table legend:
 A = Non-vault XP
 B = Vault XP
 C = Vault XP percentage of total XP
 D = Non-vault monster count
 E = Vault monster count
 F = Vault count percentage of total count
                 A         B        C        D         E       F
            +---------+---------+-------+---------+---------+-------
      Total |  131408 |   46999 |  26.3 |     529 |     217 |  29.1
            +---------+---------+-------+---------+---------+-------
        D:1 |      31 |       6 |  16.2 |      18 |       3 |  14.3
        D:2 |      84 |      36 |  30.0 |      10 |       1 |   9.1
        D:3 |      20 |       0 |   0.0 |      10 |       0 |   0.0
        D:4 |     359 |       4 |   1.1 |      14 |       2 |  12.5
        D:5 |    1140 |     188 |  14.2 |      23 |       1 |   4.2
        D:6 |     314 |    1284 |  80.4 |       5 |      16 |  76.2
        D:7 |     704 |    2882 |  80.4 |      11 |       4 |  26.7
        D:8 |     181 |       0 |   0.0 |       3 |       0 |   0.0
        D:9 |    4238 |     865 |  17.0 |      36 |       1 |   2.7
       D:10 |    4037 |       0 |   0.0 |      27 |       0 |   0.0
       D:11 |    2017 |    3363 |  62.5 |      14 |      14 |  50.0
       D:12 |     615 |     440 |  41.7 |       1 |      32 |  97.0
     Lair:1 |    6114 |       0 |   0.0 |      19 |       0 |   0.0
     Lair:2 |    1694 |     889 |  34.4 |       7 |       4 |  36.4
     Lair:3 |    8366 |    1769 |  17.5 |      31 |       5 |  13.9
     Lair:4 |    9786 |     355 |   3.5 |      29 |       1 |   3.3
     Lair:5 |   10260 |    9459 |  48.0 |      23 |      28 |  54.9
    Swamp:1 |    9424 |       0 |   0.0 |      22 |       0 |   0.0
    Swamp:2 |   17556 |       0 |   0.0 |      25 |       0 |   0.0
   Spider:1 |   20165 |       0 |   0.0 |      67 |       0 |   0.0
   Spider:2 |   20072 |    1128 |   5.3 |      46 |       4 |   8.0
   Spider:3 |    7093 |       0 |   0.0 |      18 |       0 |   0.0
      Orc:1 |    5048 |   11787 |  70.0 |      40 |      28 |  41.2
      Orc:2 |    2090 |   10230 |  83.0 |      30 |      67 |  69.1
    Volcano |       0 |    2314 | 100.0 |       0 |       6 | 100.0
            +---------+---------+-------+---------+---------+-------
